 Dungeon Crawl Stone Soup version 0.31-a0-833-gc15d34cb79 (webtiles) character file.

Game seed: 7307227706309852126

192 Kurtz the Chopper (level 5, -1/36 HPs)
             Began as an Octopode Fighter on Sept 25, 2023.
             Was an Initiate of Gozag.
             Slain by a quasit (2 damage)
             ... in a sewer.
             The game lasted 00:02:06 (2201 turns).

Kurtz the Chopper (Octopode Fighter)                Turns: 2201, Time: 00:02:06

Health: -1/36      AC:  1    Str: 16    XL:     5   Next: 71%
Magic:  5/5        EV: 13    Int: 10    God:    Gozag
Gold:   266        SH:  4    Dex: 13    Spells: 4/4 levels left

rFire   . . .        a - +0 war axe
rCold   . . .        b - +0 buckler
rNeg    . . .        (helmet restricted)
rPois   .            (no amulet)
rElec   .            (no ring)
rCorr   .            (no ring)
SInv    .            (no ring)
Will    .....        (no ring)
Stlth   ++           (no ring)
HPRegen 0.26/turn    (no ring)
MPRegen 0.09/turn    (no ring)
                     (no ring)

%: no passive effects
@: mighty
A: almost no armour, amphibious, 8 rings, camouflage 1, gelatinous body 1,
(nimble swimmer 1), tentacles
a: Renounce Religion, Potion Petition, Call Merchant, Bribe Branch


You were in a sewer.
You worshipped Gozag.
Gozag was aware of your devotion.
You visited 1 branch of the dungeon, and saw 3 of its levels.
You also visited: Sewer.

You collected 320 gold pieces.
You paid 54 gold pieces to Gozag.

Inventory:

Hand Weapons
 a - a +0 war axe (weapon)
Missiles
 i - 12 poisoned darts
Armour
 b - a +0 buckler (worn)
Scrolls
 e - 2 scrolls of vulnerability {unknown}
 h - a scroll of fog {unknown}
 k - 3 scrolls of identify {unknown}
 m - a scroll of amnesia {unknown}
Potions
 c - a potion of might
 d - 4 potions of curing {unknown}
 f - a potion of degeneration {unknown}
 g - a potion of mutation {unknown}
 j - a potion of heal wounds {unknown}
 l - a potion of magic {unknown}


   Skills:
 * Level 3.0 Fighting
 * Level 5.6 Axes
 * Level 3.0 Dodging
 + Level 3.0 Shields


You had 4 spell levels left.
You didn't know any spells.
Your spell library contained the following spells:

 Spells                   Type           Power      Damage    Failure   Level
 Inner Flame              Hex/Fire       0%         N/A       82%         3
 Yara's Violent Unravell  Hex/Tmut       0%         3d3       100%        5
 Enfeeble                 Hex            0%         N/A       100%        7


Dungeon Overview and Level Annotations

Branches:
Dungeon (3/15)              Sewer (1/1)

Altars:
Fedhas
Gozag


Innate Abilities, Weirdness & Mutations

You cannot wear most types of armour.
You are amphibious.
You can wear up to eight rings at the same time.
Your skin changes colour to match your surroundings (Stealth+).
Your rubbery body absorbs attacks. (AC +1, EV +1)
((You are camouflaged when in or above water. (Stealth+)))
You have tentacles for arms and can constrict up to eight enemies at once.


Message History

You barely miss the ufetubus. Your grab misses the ufetubus.
The ufetubus is lightly wounded.
You closely miss the quasit. You closely miss the kobold.
The quasit closely misses you. The quasit claws you.
The quasit barely misses you. The ufetubus misses you.
The ufetubus closely misses you. The kobold misses you. The quasit bites you.
The quasit barely misses you. The quasit misses you.
You block the ufetubus's attack. x2
There are monsters nearby!
You are too injured to fight recklessly!
You are too injured to fight recklessly!
Unknown command.
You are too injured to fight recklessly!
You are too injured to fight recklessly!
You feel very mighty all of a sudden. The kobold hits you with a +0 dagger.
The quasit misses you. The quasit claws you. The quasit closely misses you.
The ufetubus closely misses you. The ufetubus hits you.
You closely miss the ufetubus. Your grab misses the ufetubus.
You miss the quasit. You closely miss the kobold. The ufetubus hits you.
* * * LOW HITPOINT WARNING * * *
The ufetubus completely misses you. The quasit barely misses you.
The quasit claws you.
* * * LOW HITPOINT WARNING * * *
You block the quasit's attack. The kobold hits you with a +0 dagger.
* * * LOW HITPOINT WARNING * * *
The ufetubus barely misses you. The ufetubus misses you. The quasit misses you.
The quasit closely misses you. The quasit claws you.
* * * LOW HITPOINT WARNING * * *
Unknown command.
You miss the quasit. You grab the quasit. Your squeeze misses the quasit.
You hit the ufetubus. You barely miss the kobold. You constrict the quasit.
You block the ufetubus's attack. The ufetubus hits you.
* * * LOW HITPOINT WARNING * * *
The kobold splashes around in the water.
The quasit closely misses you. The quasit claws you.
* * * LOW HITPOINT WARNING * * *
The quasit claws you.
You die...
Your body crumbles into a pile of gold.

≈≈≈ ≈~.. #)≈≈##.....##
##≈###.####.###..§...#
.......≈≈#...#))...§.+
......≈≈≈≈...'.§._...+
.......≈≈#...#.....§.+
≈###≈#.####.###..§...#
≈~≈≈≈....#.~≈##.....##
≈≈≈≈≈≈~..#.~≈###'''##
≈≈≈≈≈~≈..#.~≈##~@..≈#
≈≈≈≈≈≈≈~.#.~≈##K55.≈#
≈≈≈≈≈≈≈~.#)))##≈...~#
≈≈≈≈≈≈≈≈.).)≈##~...≈#
###########≈###≈...≈#
≈≈≈≈~≈≈..~.≈≈##~...~#
≈≈≈≈≈≈≈~~.~~≈###!/!##
≈≈≈≈≈~≈≈~≈≈≈≈# ##[##
##############


You could see a quasit, an ufetubus and a kobold.

Vanquished Creatures
  A quasit (Sewer)
  Terence (D:2)
  5 adders
  2 ufetubi (Sewer)
  An adder zombie (Sewer)
  3 dart slugs
  An orc (D:3)
  6 bats
  9 endoplasms
  6 giant cockroaches
  2 goblins
  5 hobgoblins
  5 quokkas
  9 ball pythons
  3 frilled lizards
  11 kobolds
  A kobold zombie (Sewer)
71 creatures vanquished.

Notes
Turn   | Place    | Note
-------+----------+-------------------------------------------
     0 | D:1      | Kurtz the Octopode Fighter began the quest for the Orb.
     0 | D:1      | Reached XP level 1. HP: 16/16 MP: 1/1
   173 | D:1      | Reached XP level 2. HP: 21/21 MP: 2/2
   353 | D:1      | Reached skill level 3 in Axes
   880 | D:1      | Reached XP level 3. HP: 26/26 MP: 3/3
   931 | D:2      | Noticed Terence
   935 | D:2      | Killed Terence
   936 | D:2      | Reached skill level 4 in Axes
  1077 | D:2      | Reached XP level 4. HP: 31/31 MP: 4/4
  1297 | D:2      | Found a faded altar of an unknown god.
  1403 | D:3      | Found a blossoming altar of Fedhas.
  1850 | D:3      | Found an opulent altar of Gozag.
  1859 | D:3      | Became a worshipper of Gozag Ym Sagoz the Greedy
  1930 | D:3      | Found a glowing drain.
  1944 | D:3      | Reached skill level 5 in Axes
  1944 | D:3      | Reached XP level 5. HP: 34/36 MP: 5/5
  1956 | Sewer    | Entered a sewer
  2142 | Sewer    | Found a burning altar of Makhleb.
  2201 | Sewer    | HP: 1/36 [quasit (1)]
  2201 | Sewer    | Slain by a quasit

Illustrated notes

Levels and vault maps discovered:
D:1:      tarquinn_simple_flora_water_c, layout_basic
D:2:      layout_basic, hellmonk_ecumenical_altar_slurped_away,
          kennysheep_generic_room_12, uniq_terence
D:3:      minmay_evil_eye, layout_basic, nicolae_gozag_seed_capital,
          mainiacjoe_overflow_24_doors, gup_sewer_entry_glass,
          kennysheep_generic_room_8
Sewer:    kennysheep_sewer_church

Skill      XL: |  1  2  3  4 |
---------------+-------------+-----
Axes           | 3 4 5 |  5.6
Fighting       | |  3.0
Dodging        | |  3.0
Shields        | |  3.0

Action                     |  1- 3 |  4- 6 || total
---------------------------+-------+-------++-------
  Melee: War axe           |    50 |    72 ||   122
         Constrict         |    14 |    19 ||    33
         Tentacles         |     8 |    12 ||    20
         Punch             |     1 |     1 ||     2
    Use: Potion            |       |     1 ||     1
   Stab: Sleeping          |     7 |     8 ||    15
         Distracted        |       |     1 ||     1
 Armour: Skin              |    18 |    48 ||    66
  Dodge: Dodged            |    40 |    72 ||   112
  Block: Buckler           |    12 |    14 ||    26

Table legend: (Time is in decaauts)
 A = Elapsed time spent in this place.
 B = Non-inter-level travel time spent in this place.
 C = Inter-level travel time spent in this place.
 D = Time resting spent in this place.
 E = Time spent auto-exploring this place.
 F = Levels seen in this place.
 G = Mean time per level.
                   A        B        C        D        E       F      G
               +--------+--------+--------+--------+--------+-----+--------+
         Total |   2241 |   2183 |     58 |     69 |   1649 |   4 |  560.2 |
       Dungeon |   1988 |   1930 |     58 |      0 |   1532 |   3 |  662.7 |
         Sewer |    253 |    253 |      0 |     69 |    117 |   1 |  253.0 |
               +--------+--------+--------+--------+--------+-----+--------+

Top non-repeatable levels by time:
     D:1: 946 daAuts
     D:3: 589 daAuts
     D:2: 452 daAuts
   Sewer: 253 daAuts
